 Dungeon Crawl Stone Soup version 0.31-a0-702-gf82c85558f (webtiles) character file.

Game seed: 17308749333286171852

7161 qw the Skirmisher (level 11, -10/69 HPs)
             Began as a Gargoyle Hunter on Sept 8, 2023.
             Was an Elder of Okawaru.
             Engulfed by a cloud of flame (16 damage)
             ... on level 9 of the Dungeon.
             The game lasted 00:03:15 (7461 turns).

qw the Skirmisher (Gargoyle Hunter)                 Turns: 7461, Time: 00:03:15

Health: -10/69     AC: 21    Str: 15      XL:     11   Next: 10%
Magic:  22/26      EV: 22    Int:  7 (10) God:    Okawaru [****..]
Gold:   554        SH:  0    Dex: 23      Spells: 10/10 levels left

rFire   . . .        Y - +4 orcbow (drain)
rCold   . . .        (shield currently unavailable)
rNeg    + . .        j - +0 ring mail
rPois   inf          n - +0 helmet
rElec   +            b - +0 cloak
rCorr   +            q - +0 pair of gloves
SInv    .            l - +0 pair of boots
Will    .....        c
                       - Hermit's Pendant {Faith Invo=14 Evo=0 MP+5}
Stlth   +++          o - +5 ring of evasion
HPRegen 0.31/turn    k - ring of Music {rPois rCorr Dex+6}
MPRegen 0.20/turn

%: faith
@: heroic
A: sickness immunity, AC +8, negative energy resistance 1, electricity
resistance, torment resistance 1, petrification resistance
a: Renounce Religion, Heroism, Finesse


You were on level 9 of the Dungeon.
You worshipped Okawaru.
Okawaru was greatly pleased with you.
You visited 2 branches of the dungeon, and saw 10 of its levels.

You collected 599 gold pieces.
You spent 45 gold pieces at shops.


Innate Abilities, Weirdness & Mutations

You are immune to sickness and miasma.
Your stone body is resilient. (AC +8)
You are immune to poison.
You resist negative energy. (rN+)
You are resistant to electric shocks. (rElec)
You are resistant to unholy torment.
You are immune to petrification.


   Skills:
 + Level 8.5(13.5) Fighting
 - Level 13.0(18.0) Ranged Weapons
 - Level 5.1(10.1) Armour
 - Level 4.1(9.1) Dodging
 - Level 1.1(6.1) Stealth
 + Level 5.3(14.0) Invocations


You had 10 spell levels left.
You didn't know any spells.
Your spell library was empty.

Inventory:

Hand Weapons
 Y - a +4 orcbow of draining (weapon)
Armour
 b - a +0 cloak (worn)
 j - a +0 ring mail (worn)
 l - a +0 pair of boots (worn)
 n - a +0 helmet (worn)
 q - a +0 pair of gloves (worn)
Jewellery
 c - the Hermit's Pendant (around neck) {Faith Invo=14 Evo=0 MP+5}
   (You acquired it on level 1 of the Dungeon)

   [amulet of faith]

   Invo=14: It sets your Invocations skill to 14.
   Evo=0: It sets your Evocations skill to 0.
   Faith:     It allows you to gain divine favour quickly.
   MP+5:      It affects your magic capacity (+5).
 e - an amulet of regeneration
 k - the ring of Music (right hand) {rPois rCorr Dex+6}
   (You acquired it on level 1 of the Dungeon)

   [ring of dexterity]

   Dex+6:     It affects your dexterity (+6).
   rPois:     It protects you from poison rCorr: It protects you from acid and
   corrosion.
 o - a +5 ring of evasion (left hand)
Wands
 x - a wand of digging (8)
Scrolls
 a - a scroll of identify
 p - a scroll of teleportation
Potions
 d - 2 potions of might
 f - a potion of mutation
 g - a potion of cancellation
 h - 2 potions of magic
 i - a potion of enlightenment {unknown}
 r - 2 potions of haste
 s - a potion of resistance
 u - a potion of heal wounds {unknown}
 w - a potion of berserk rage {unknown}

Dungeon Overview and Level Annotations

Branches:
Dungeon (9/15)             Temple (1/1) D:6            Lair (0/5) D:9
    Orc (0/2) D:9

Altars:
Ashenzari
Cheibriados
Dithmenos
Elyvilon
Fedhas
Gozag
Hepliaklqana
Kikubaaqudgha
Makhleb
Nemelex Xobeh
Okawaru
Qazlal
Ru
Sif Muna
Trog
Uskayaw
Vehumet
Wu Jian
Xom
Yredelemnul
Zin
The Shining One

Shops:
D:1 (   D:3 [

Annotations:
D:9 exclusion: orange crystal statue


Message History

You shoot an arrow. The arrow hits the gnoll!
You kill the gnoll!
The gnoll's corpse dissolves into shadows!
You shoot an arrow.
The arrow completely misses the gnoll sergeant.
You shoot an arrow. The arrow hits the gnoll sergeant.
Flame seeps out of the gnoll sergeant. x2; You drain the gnoll sergeant.
Flame seeps out of the gnoll sergeant.
The gnoll sergeant is moderately wounded.
The gnoll sergeant is engulfed in blazing flames.
Flame seeps out of the gnoll sergeant.
You shoot an arrow. The arrow hits the gnoll sergeant!
The gnoll sergeant's corpse dissolves into shadows!
The gnoll sergeant explodes!
You shoot an arrow. The arrow barely misses the hornet.
You shoot an arrow. The arrow hits the hornet!
Flame seeps out of the hornet.
The hornet is moderately wounded.
The hornet is engulfed in blazing flames.
Flame seeps out of the hornet.
The hornet is engulfed in blazing flames.
Flame seeps out of the hornet.
You shoot an arrow. The arrow misses the hornet.
The hornet is engulfed in blazing flames.
Flame seeps out of the hornet.
The hornet completely misses you.
You shoot an arrow. The arrow misses the hornet.
The hornet is engulfed in blazing flames.
The hornet's corpse dissolves into shadows!
The hornet explodes!
The fiery explosion engulfs you!!
You're standing in a cloud of flame!
You are engulfed in blazing flames.
You're standing in a cloud of flame!
You are engulfed in blazing flames.
You're standing in a cloud of flame!
You are engulfed in blazing flames.
You're standing in a cloud of flame!
You are engulfed in blazing flames.
You're standing in a cloud of flame!
You are engulfed in blazing flames.
You die...

#.# ######## #)#
##)##### #.>....#
######
#......##########......
#..)...'.....?....#8.8#
#......#######...#8...8
#......# ##..8..!..
#......# #@¤#.!8!.
#......# #0¤8..$..
#......# ##0#8...8
######## ¤.#8.8#
#...... ######


There were no monsters in sight!

Vanquished Creatures
  Pikel (D:6)
  A komodo dragon (D:9)
  Grinder (D:6)
  A vampire (D:9)
  12 yaks
  3 vampire mosquitoes (D:9)
  Menkaure (D:6)
  A water moccasin (D:8)
  A swamp drake (D:9)
  4 black bears
  3 orc warriors
  An ice beast (D:7)
  2 sky beasts (D:6)
  An ogre (D:9)
  6 centaurs
  A kobold brigand (D:7)
  A gnoll sergeant (D:8)
  A bullfrog (D:9)
  2 scorpions
  8 wights
  10 killer bees
  4 howler monkeys (D:9)
  A jelly (D:5)
  2 orc priests (D:8)
  5 hounds
  4 iguanas
  4 sleepcaps
  8 orc wizards
  5 gnolls (D:8)
  8 adders
  A shadow imp (D:5)
  A white imp (D:7)
  3 ufetubi
  A worm (D:3)
  3 dart slugs
  28 orcs
  A bat (D:1)
  6 endoplasms
  3 giant cockroaches
  8 goblins
  6 hobgoblins
  8 jackals
  5 quokkas
  6 ball pythons
  2 frilled lizards
  16 kobolds
  3 rats
204 creatures vanquished.

Notes
Turn   | Place    | Note
-------+----------+-------------------------------------------
     0 | D:1      | qw the Gargoyle Hunter began the quest for the Orb.
     0 | D:1      | Reached XP level 1. HP: 12/12 MP: 1/1
     0 | D:1      | 0 ||| qw: Version: 0.3-a-76-g4403597
     0 | D:1      | 0 ||| qw: Game counter: 989
     0 | D:1      | 0 ||| qw: Melee chars always use a shield: true
     0 | D:1      | 0 ||| qw: God list: Okawaru
     0 | D:1      | 0 ||| qw: Allow faded altars: false
     0 | D:1      | 0 ||| qw: Do Orc after clearing Dungeon:15 true
     0 | D:1      | 0 ||| qw: Do second Lair branch before Depths: true
     0 | D:1      | 0 ||| qw: Lair rune preference: random
     0 | D:1      | 0 ||| qw: Goals: Normal
     0 | D:1      | 0 ||| PLANNING D:1-11
     2 | D:1      | Noticed a spriggan
     2 | D:1      | Noticed a demonspawn
     4 | D:1      | Noticed a minotaur
     4 | D:1      | Noticed an ogre
     6 | D:1      | Noticed a gargoyle
     6 | D:1      | Noticed a vine stalker
     8 | D:1      | Noticed a human
     8 | D:1      | Noticed a formicid
    10 | D:1      | Noticed a naga
    10 | D:1      | Noticed a demigod
    12 | D:1      | Noticed an octopode
    12 | D:1      | Noticed a meteoran
    14 | D:1      | Noticed a merfolk
    14 | D:1      | Noticed an armataur
    16 | D:1      | Noticed a draconian
    16 | D:1      | Noticed an elf
    18 | D:1      | Noticed a troll
    18 | D:1      | Noticed a vampire
    22 | D:1      | Noticed a ghoul
    22 | D:1      | Noticed a tengu
    24 | D:1      | Noticed a vine stalker
    26 | D:1      | Noticed an armataur
    26 | D:1      | Noticed a minotaur
    31 | D:1      | 31 ||| DROPPING scroll of butterflies.
    85 | D:2      | Reached XP level 2. HP: 17/17 MP: 2/2
   168 | D:2      | 168 ||| RETREATING.
   169 | D:2      | 169 ||| Stepping ~*~*~tactically~*~*~ (retreating).
   170 | D:2      | 170 ||| Stepping ~*~*~tactically~*~*~ (retreating).
   173 | D:2      | 173 ||| Stepping ~*~*~tactically~*~*~ (retreating).
   182 | D:2      | Reached XP level 3. HP: 19/21 MP: 3/3
   188 | D:2      | Reached skill level 5 in Ranged Weapons
   318 | D:2      | 318 ||| Stepping ~*~*~tactically~*~*~ (outnumbered).
   402 | D:2      | 402 ||| UPGRADING to +0 cloak.
   407 | D:2      | 407 ||| UPGRADING to amulet of regeneration.
   415 | D:2      | 415 ||| STAIRDANCE
   512 | D:2      | Reached skill level 3 in Fighting
   512 | D:2      | Reached XP level 4. HP: 28/28 MP: 4/4
   517 | D:2      | 517 ||| STAIRDANCE
   978 | D:1      | Found Toidwifa's Antique Weapon Shop.
  1076 | D:1      | Found a faded altar of an unknown god.
  1185 | D:1      | 1185 ||| UPGRADING to +0 ring mail.
  1195 | D:1      | 1195 ||| DROPPING +0 leather armour.
  1196 | D:1      | 1196 ||| READING 3 scrolls labelled KAT EMAHIOBOUSEOM.
  1197 | D:1      | 1197 ||| READING scroll labelled HALOWNOESH.
  1198 | D:1      | 1198 ||| READING 3 scrolls labelled KYHUEQO RAZEU.
  1198 | D:1      | Identified 3 scrolls of acquirement
  1198 | D:1      | 1198 ||| ACQUIRING ring of Music {rPois rCorr Dex+6}
  1198 | D:1      | Acquired the ring of Music {rPois rCorr Dex+6}
  1199 | D:1      | 1199 ||| READING 2 scrolls of acquirement.
  1199 | D:1      | 1199 ||| ACQUIRING ring of resist corrosion
  1199 | D:1      | Acquired a ring of resist corrosion
  1200 | D:1      | 1200 ||| READING scroll of acquirement.
  1200 | D:1      | 1200 ||| ACQUIRING Hermit's Pendant {Faith Invo=14 Evo=0
                  | MP+5}
  1200 | D:1      | Acquired the Hermit's Pendant {Faith Invo=14 Evo=0 MP+5}
  1200 | D:1      | Found the Hermit's Pendant {Faith Invo=14 Evo=0 MP+5}
  1202 | D:1      | 1202 ||| UPGRADING to Hermit's Pendant {Faith Invo=14 Evo=0
                  | MP+5}.
  1300 | D:1      | 1300 ||| UPGRADING to ring of resist corrosion.
  1301 | D:1      | 1301 ||| UPGRADING to ring of Music {rPois rCorr Dex+6}.
  1302 | D:1      | 1302 ||| REMOVING ring of resist corrosion.
  1303 | D:1      | 1303 ||| READING scroll labelled TOTHRU OSOGEUQE.
  1304 | D:1      | 1304 ||| READING scroll labelled WUGOKO WAPTENY.
  1305 | D:1      | 1305 ||| READING 2 scrolls of identify.
  1305 | D:1      | 1305 ||| IDENTIFYING inky potion
  1416 | D:3      | Found Masasel's Armour Emporium.
  1419 | D:3      | 1419 ||| BUYING +0 pair of boots (45 gold).
  1419 | D:3      | Bought a +0 pair of boots for 45 gold pieces
  1419 | D:3      | 1419 ||| SHOPLISTING +2 pair of gloves of stealth (215
                  | gold, have 122).
  1419 | D:3      | 1419 ||| SHOPLISTING +3 leather armour of positive energy
                  | (210 gold, have 122).
  1745 | D:3      | Reached skill level 1 in Armour
  1772 | D:3      | 1772 ||| UPGRADING to +0 pair of boots.
  1777 | D:3      | 1777 ||| UPGRADING to +0 helmet.
  1782 | D:3      | 1782 ||| DROPPING ring of resist corrosion.
  1783 | D:3      | 1783 ||| UPGRADING to +5 ring of evasion.
  1784 | D:3      | 1784 ||| READING scroll labelled BUOKHUVVACIL.
  1785 | D:3      | 1785 ||| READING 3 scrolls of identify.
  1785 | D:3      | 1785 ||| IDENTIFYING clear potion
  1786 | D:3      | 1786 ||| READING 2 scrolls of identify.
  1786 | D:3      | 1786 ||| IDENTIFYING murky golden potion
  1972 | D:4      | Reached XP level 5. HP: 32/32 MP: 14/14
  2165 | D:4      | Noticed a black bear
  2177 | D:4      | Killed a black bear
  2178 | D:4      | Reached skill level 6 in Ranged Weapons
  2178 | D:4      | Reached XP level 6. HP: 37/37 MP: 16/16
  2239 | D:4      | Found a glowing silver altar of Zin.
  2261 | D:4      | Noticed a black bear
  2270 | D:4      | Killed a black bear
  2465 | D:4      | 2465 ||| READING scroll labelled AMOUKHL VAMEKA.
  2490 | D:4      | 2490 ||| READING scroll labelled BOUTYRGHILELY.
  2491 | D:4      | 2491 ||| READING scroll labelled DAQEUF HIONLEG.
  2617 | D:5      | Entered Level 5 of the Dungeon
  2633 | D:5      | Found a sacrificial altar of Ru.
  2674 | D:5      | Found a basalt altar of Yredelemnul.
  2929 | D:5      | Reached XP level 7. HP: 43/43 MP: 17/17
  3070 | D:5      | Reached skill level 7 in Ranged Weapons
  3107 | D:5      | Found a shimmering altar of Xom.
  3207 | D:5      | Reached skill level 8 in Ranged Weapons
  3564 | D:5      | 3564 ||| UPGRADING to +0 pair of gloves.
  3569 | D:5      | 3569 ||| READING scroll labelled TOIMPE YWOCAUTH.
  3570 | D:5      | 3570 ||| READING 3 scrolls of identify.
  3570 | D:5      | 3570 ||| IDENTIFYING puce potion
  3571 | D:5      | 3571 ||| READING 2 scrolls of identify.
  3571 | D:5      | 3571 ||| IDENTIFYING smoky yellow potion
  3572 | D:5      | 3572 ||| DROPPING potion of lignification.
  3573 | D:5      | 3573 ||| DROPPING potion of invisibility.
  3629 | D:6      | Noticed Grinder
  3633 | D:6      | Paralysed by Grinder for 2 turns
  3648 | D:6      | Paralysed by Grinder for 5 turns
  3668 | D:6      | Killed Grinder
  3669 | D:6      | Reached XP level 8. HP: 27/51 MP: 18/18
  3766 | D:6      | Reached skill level 3 in Armour
  4057 | D:6      | Reached skill level 9 in Ranged Weapons
  4058 | D:6      | Noticed Pikel
  4060 | D:6      | 4060 ||| RETREATING.
  4075 | D:6      | Killed Pikel
  4076 | D:6      | Reached XP level 9. HP: 59/59 MP: 19/19
  4109 | D:6      | 4109 ||| SWAPPING to +0 orcbow.
  4110 | D:6      | 4110 ||| DROPPING +1 shortbow of draining.
  4245 | D:6      | Noticed Menkaure
  4253 | D:6      | Reached skill level 3 in Dodging
  4258 | D:6      | Killed Menkaure
  4337 | D:6      | Found a staircase to the Ecumenical Temple.
  4338 | D:6      | 4338 ||| PLANNING TEMPLE
  4338 | D:6      | 4338 ||| DROPPING amulet of faith.
  4339 | D:6      | 4339 ||| DROPPING ring of protection from cold.
  4340 | D:6      | 4340 ||| READING 5 scrolls of identify.
  4340 | D:6      | 4340 ||| IDENTIFYING blue potion
  4341 | D:6      | 4341 ||| READING 4 scrolls of identify.
  4341 | D:6      | 4341 ||| IDENTIFYING viscous blue potion
  4342 | D:6      | 4342 ||| READING 3 scrolls of identify.
  4342 | D:6      | 4342 ||| IDENTIFYING pink potion
  4343 | D:6      | 4343 ||| READING 2 scrolls of identify.
  4343 | D:6      | 4343 ||| IDENTIFYING orange potion
  4344 | D:6      | 4344 ||| DROPPING potion of brilliance.
  4345 | D:6      | 4345 ||| DROPPING potion of ambrosia.
  4355 | Temple   | Entered the Ecumenical Temple
  4356 | Temple   | 4356 ||| PLANNING OKAWARU WORSHIP
  4373 | Temple   | Became a worshipper of Warmaster Okawaru
  4374 | Temple   | 4374 ||| PLANNING D:1-11
  4628 | D:7      | 4628 ||| RETREATING.
  4638 | D:7      | Reached skill level 10 in Ranged Weapons
  4649 | D:7      | Reached * piety under Okawaru
  4765 | D:7      | Reached skill level 1 in Invocations
  5144 | D:7      | Found a sparkling altar of Nemelex Xobeh.
  5369 | D:7      | 5369 ||| RETREATING.
  5371 | D:7      | 5371 ||| RETREATING.
  5374 | D:7      | 5374 ||| Stepping ~*~*~tactically~*~*~ (retreating).
  5385 | D:7      | Reached skill level 3 in Invocations
  5388 | D:7      | Reached ** piety under Okawaru
  5390 | D:7      | 5390 ||| INVOKING Heroism.
  5405 | D:7      | Reached XP level 10. HP: 38/64 MP: 20/20
  5411 | D:7      | Reached skill level 11 in Ranged Weapons
  5662 | D:7      | 5662 ||| READING 2 scrolls labelled LUFEOS ROLOLLOIXAST.
  5663 | D:7      | 5663 ||| DRINKING 3 dark potions.
  5664 | D:7      | 5664 ||| DROPPING scroll of revelation.
  5996 | D:8      | 5996 ||| READING 2 scrolls of identify.
  5996 | D:8      | 5996 ||| IDENTIFYING glowing black potion
  6146 | D:8      | 6146 ||| READING scroll of acquirement.
  6146 | D:8      | 6146 ||| ACQUIRING +4 orcbow of draining
  6146 | D:8      | Acquired a +4 orcbow of draining
  6148 | D:8      | 6148 ||| SWAPPING to +4 orcbow of draining.
  6149 | D:8      | 6149 ||| DROPPING +0 orcbow.
  6171 | D:8      | 6171 ||| Stepping ~*~*~tactically~*~*~ (outnumbered).
  6172 | D:8      | 6172 ||| Stepping ~*~*~tactically~*~*~ (outnumbered).
  6173 | D:8      | 6173 ||| Stepping ~*~*~tactically~*~*~ (outnumbered).
  6178 | D:8      | 6178 ||| INVOKING Heroism.
  6283 | D:8      | 6283 ||| RETREATING.
  6305 | D:8      | Reached *** piety under Okawaru
  6366 | D:8      | Reached skill level 12 in Ranged Weapons
  6644 | D:8      | 6644 ||| READING scroll labelled GACWONL TEWE.
  6647 | D:8      | 6647 ||| READING scroll labelled LOOPIU DIXT.
  6894 | D:9      | 6894 ||| INVOKING Heroism.
  7059 | D:9      | Found a staircase to the Orcish Mines.
  7076 | D:9      | Reached **** piety under Okawaru
  7081 | D:9      | 7081 ||| INVOKING Heroism.
  7189 | D:9      | Found a staircase to the Lair.
  7203 | D:9      | 7203 ||| INVOKING Heroism.
  7242 | D:9      | Reached XP level 11. HP: 68/68 MP: 21/21
  7245 | D:9      | Reached skill level 13 in Ranged Weapons
  7335 | D:9      | 7335 ||| Stepping ~*~*~tactically~*~*~ (retreating).
  7368 | D:9      | Noticed an orange crystal statue
  7369 | D:9      | 7369 ||| FLEEEEING.
  7424 | D:9      | 7424 ||| INVOKING Heroism.
  7425 | D:9      | 7425 ||| READING 2 scrolls labelled UVYIKIH LAEQ.
  7430 | D:9      | 7430 ||| DROPPING scroll of immolation.
  7431 | D:9      | 7431 ||| DRINKING 2 potions of curing.
  7431 | D:9      | 7431 ||| (to cure confusion)
  7440 | D:9      | 7440 ||| DRINKING potion of curing.
  7440 | D:9      | 7440 ||| (to cure confusion)
  7458 | D:9      | HP: 13/69 [cloud of flame (19)]
  7460 | D:9      | HP: 6/69 [cloud of flame (5)]
  7461 | D:9      | Engulfed by a cloud of flame

Levels and vault maps discovered:
D:1:      kb_arrival_jail, layout_loops_ring, basic_ecumenical_altar,
          serial_shops, shop, st_stairs_13, hangedman_glass_teeth
D:2:      layout_basic
D:3:      layout_rooms, serial_shops, shop
D:4:      layout_loops_ring, zin_academy
D:5:      minmay_skewed_foursquare, layout_basic,
          mainiacjoe_overflow_concentric_impassable,
          mainiacjoe_overflow_catch_the_wave
D:6:      layout_gridville, minmay_temple_entry_poolview,
          minmay_splitting_lines, nicolae_letterblocks [nicolae_letter_subblock,
          nicolae_letter_subblock, nicolae_letter_subblock,
          nicolae_letter_subblock, nicolae_letter_subblock,
          nicolae_letter_subblock, nicolae_letter_subblock,
          nicolae_letter_subblock, nicolae_letter_subblock,
          nicolae_letter_subblock, nicolae_letter_subblock,
          nicolae_letter_subblock, nicolae_letter_subblock,
          nicolae_letter_subblock, nicolae_letter_subblock,
          nicolae_letter_subblock, nicolae_letter_subblock,
          nicolae_letter_subblock, nicolae_letter_subblock,
          nicolae_letter_subblock, nicolae_letter_subblock,
          nicolae_letter_subblock, nicolae_letter_subblock,
          nicolae_letter_subblock, nicolae_letter_subblock], uniq_menkaure,
          uniq_pikel, uniq_grinder
D:7:      layout_basic, nemelex_spade_bored_becter
D:8:      layout_basic
D:9:      layout_roguey, david_lair_shrubbed, erik_orc_1, minmay_statue_bubble
Temple:   nicolae_temple_bog_church

Skill      XL: |  1  2  3  4  5  6  7  8  9 10 11 |
---------------+----------------------------------+-----
Ranged Weapons | 5 6 8 9 10 12 13 | 13.0
Fighting       | 3 4 5 8 |  8.5
Armour         | 1 2 3 4 5 |  5.1
Dodging        | 2 3 4 |  4.1
Invocations    | 4 5 |  5.3
Stealth        | |  1.1

Action                     |  1- 3 |  4- 6 |  7- 9 | 10-12 || total
---------------------------+-------+-------+-------+-------++-------
   Fire: Shortbow          |    73 |   151 |   136 |       ||   360
         Orcbow            |       |       |   130 |   217 ||   347
 Invoke: Heroism           |       |       |     1 |     5 ||     6
    Use: Scroll            |       |    14 |     7 |     6 ||    27
         Potion            |       |       |       |     3 ||     3
 Armour: Leather armour    |    18 |     1 |       |       ||    19
         Ring mail         |       |    36 |    69 |    42 ||   147
  Dodge: Dodged            |    20 |    69 |   101 |    86 ||   276

Table legend:
 A = Non-vault XP
 B = Vault XP
 C = Vault XP percentage of total XP
 D = Non-vault monster count
 E = Vault monster count
 F = Vault count percentage of total count
                 A         B        C        D         E       F
            +---------+---------+-------+---------+---------+-------
      Total |    8130 |    2100 |  20.5 |     181 |      23 |  11.3
            +---------+---------+-------+---------+---------+-------
        D:1 |      20 |       1 |   4.8 |      11 |       1 |   8.3
        D:2 |      81 |       0 |   0.0 |      26 |       0 |   0.0
        D:3 |      18 |       0 |   0.0 |       9 |       0 |   0.0
        D:4 |     373 |       0 |   0.0 |      24 |       0 |   0.0
        D:5 |     499 |      80 |  13.8 |      17 |       1 |   5.6
        D:6 |     753 |    1097 |  59.3 |      14 |       3 |  17.6
        D:7 |    2130 |       0 |   0.0 |      27 |       0 |   0.0
        D:8 |    2101 |       0 |   0.0 |      27 |       0 |   0.0
        D:9 |    2155 |     922 |  30.0 |      26 |      18 |  40.9
            +---------+---------+-------+---------+---------+-------
